 Dungeon Crawl Stone Soup version 0.23.1-37-gaa34b87 (webtiles) character file.

Game seed: 13462649925650033855

26821 misha the Severer (level 13, -4/125 HPs)
             Began as a Minotaur Fighter on Mar 22, 2019.
             Was an Elder of Trog.
             Slain by Jorgrun
             ... wielding a +0 quarterstaff of crushing
              (13 damage)
             ... on level 14 of the Dungeon on Mar 23, 2019.
             The game lasted 01:22:51 (21309 turns).

misha the Severer (Minotaur Fighter)               Turns: 21309, Time: 01:22:52

Health: -4/125     AC: 14    Str: 26    XL:     13   Next: 1%
Magic:  0/12       EV:  4    Int:  5    God:    Trog [****..]
Gold:   504        SH: 16    Dex: 13    Spells: 12/12 levels left

rFire    + . .     SeeInvis .   j - +0 broad axe
rCold    + . .     Gourm    .   A - +0 shield {rC+ rF+}
rNeg     + . .     Faith    .   B - +3 chain mail
rPois    +         Spirit   +   (helmet restricted)
rElec    .         Reflect  +   R - scarf {Spirit}
rCorr    .         Harm     .   k - +0 pair of gloves {Dex+3}
MR       .....                  (no boots)
Stlth    ..........             x - +3 amulet of reflection
HPRegen  0.30/turn              y - ring of positive energy
MPRegen  0.13/turn              L - ring of poison resistance

@: grasped by roots, berserk cooldown, slowed, constricted, very slow
A: retaliatory headbutt, horns 2
a: Berserk, Trog's Hand, Brothers in Arms, Renounce Religion


You were on level 14 of the Dungeon.
You worshipped Trog.
Trog was greatly pleased with you.
You were very hungry.

You visited 2 branches of the dungeon, and saw 15 of its levels.
You also visited: Bailey.

You collected 1264 gold pieces.
You spent 760 gold pieces at shops.

Inventory:

Hand Weapons
 a - the cursed +2 battleaxe of Qechox {chop, rPois rF- MR+ Dex+3, unknown}
   (You found it on level 14 of the Dungeon)

   It inflicts extra damage upon your enemies.
   It affects your dexterity (+3).
   It makes you vulnerable to fire.
   It protects you from poison.
   It affects your resistance to hostile enchantments.
   It has a curse placed upon it.
 j - a +0 broad axe (weapon)
 n - a +0 hand axe of flaming
Missiles
 s - 43 poisoned needles
 u - 22 tomahawks
 D - a throwing net
 K - 2 tomahawks of returning (quivered)
 M - 3 steel tomahawks
Armour
 g - the +0 plate armour of the Blind Marksman {MR+ Str+5}
   (You found it in a bailey)

   It affects your strength (+5).
   It affects your resistance to hostile enchantments.
 k - a +0 pair of gloves of dexterity (worn)
 o - the cursed +0 ring mail of Ynosus {rF- rN++, unknown}
   (You found it on level 14 of the Dungeon)

   It makes you vulnerable to fire.
   It greatly protects you from negative energy.
   It has a curse placed upon it.
 v - a +0 cloak
 A - a +0 shield of resistance (worn)
 B - a +3 chain mail (worn)
 F - the +1 ring mail of Atheism {rC++ MR+ Str-4 Dex+2}
   (You found it on level 5 of the Dungeon)

   It affects your strength (-4).
   It affects your dexterity (+2).
   It greatly protects you from cold.
   It affects your resistance to hostile enchantments.
 R - a scarf of spirit shield (worn)
Jewellery
 b - a +2 ring of intelligence
 x - a +3 amulet of reflection (around neck)
 y - a ring of positive energy (left hand)
 L - a ring of poison resistance (right hand)
 O - an uncursed amulet of faith {unknown}
 T - an uncursed amulet of regeneration {unknown}
 U - an uncursed ring of flight
Wands
 e - a wand of iceblast (24)
 Q - a wand of random effects (60)
 X - a wand of polymorph (9)
 Z - a wand of paralysis (17)
Scrolls
 d - a scroll of torment {unknown}
 i - 9 scrolls of remove curse
 q - 6 scrolls of teleportation
 r - 2 scrolls of enchant armour
 t - 2 scrolls of magic mapping
 z - 3 scrolls of immolation
 E - 3 scrolls of blinking
 J - a scroll of fear
 V - a scroll of noise {unknown}
Potions
 h - a potion of flight
 l - 6 potions of curing
 m - 2 potions of cancellation
 p - a potion of ambrosia {unknown}
 w - 3 potions of heal wounds
 C - a potion of magic {unknown}
 I - 3 potions of haste
 N - 3 potions of lignification {unknown}
 S - a potion of might
 W - 2 potions of invisibility {unknown}
 Y - 2 potions of mutation {unknown}
Comestibles
 c - 3 chunks of flesh
 f - 24 rations


   Skills:
 + Level 14.5 Fighting
 * Level 15.2 Axes
 - Level 7.6 Throwing
 + Level 7.1 Armour
 + Level 11.4 Shields


You had 12 spell levels left.
You didn't know any spells.
Your spell library contained the following spells:

 Spells                   Type           Power        Failure   Level  Hunger
 Beastly Appendage        Tmut           #.....       99%         1    ##.....
 Sticks to Snakes         Tmut           #.......     100%        2    ###....
 Ignite Poison            Fire/Tmut/Pois #.......     100%        3    ####...
 Animate Dead             Necr           N/A          100%        4    #####..


Dungeon Overview and Level Annotations

Branches:
Dungeon (14/15)            Temple (1/1) D:4            Lair (0/6) D:10
    Orc (0/2) D:10         Vaults (0/5) D:14

Altars:
Ashenzari
Cheibriados
Dithmenos
Elyvilon
Fedhas
Gozag
Hepliaklqana
Kikubaaqudgha
Makhleb
Nemelex Xobeh
Okawaru
Qazlal
Ru
Sif Muna
Trog
Uskayaw
Vehumet
Wu Jian
Xom
Yredelemnul
Zin
The Shining One

Shops:
D:10 [   D:11 :   D:13 ([=

Portals:
Trove: D:12 (give +3 gold dragon scales)

Annotations:
D:14 Jorgrun


Innate Abilities, Weirdness & Mutations

You reflexively headbutt those who attack you in melee.
You have a pair of horns on your head.


Message History

Unknown command.
You hit Jorgrun.
Jorgrun is severely wounded.
You block Jorgrun's attack.
* * * LOW HITPOINT WARNING * * *
The grasping roots constrict you!
You feel better.
Jorgrun hits you with a +0 quarterstaff of crushing!
* * * LOW HITPOINT WARNING * * *
x2 The grasping roots constrict you.
You block Jorgrun's attack.
* * * LOW HITPOINT WARNING * * *
The grasping roots constrict you.
It was a potion of heal wounds.
You feel much better.
Jorgrun hits you with a +0 quarterstaff of crushing.
* * * LOW HITPOINT WARNING * * *
x3 The grasping roots constrict you!
You miss Jorgrun. Your headbutt misses Jorgrun.
Jorgrun is severely wounded.
Jorgrun hits you with a +0 quarterstaff of crushing!
You die...

....<...........#...........'.#
..........###.###'#'#'#'#'#'###
........#####...#[#.#.#[#)#[#
........# ##..###############
.......####...#####...#
......##..........#.###
.......#..........#.#
....................#
.......#........@<###
.......##.......g##
...............#.#
................#.##
...................#
(...............#..#####
#...............##......
#......................
................####g....


You could see Jorgrun.

Vanquished Creatures
  A hydra (D:14)
  4 vault guards (D:14)
  A centaur warrior (D:14)
  3 two-headed ogres
  The ghost of kae the Arsonist, a novice TeFE of Vehumet (D:6)
  3 orc knights (Bailey)
  An ugly thing (D:13)
  A manticore (D:14)
  4 cyclopes
  2 centaur skeletons
  Psyche (D:9)
  An efreet (D:14)
  A queen bee (shapeshifter) (D:14)
  A wind drake (shapeshifter) (D:13)
  2 hippogriffs
  2 slime creatures (D:9)
  Sigmund (D:3)
  4 wyverns
  2 yaks (D:11)
  7 humans (D:14)
  3 wraiths
  4 hungry ghosts
  A steam dragon (D:11)
  A vampire mosquito (D:9)
  Menkaure (D:6)
  A soldier ant (D:12)
  2 acid dragons (D:14)
  3 water moccasins
  12 orc warriors
  5 sky beasts
  5 black bears
  A necrophage (D:6)
  6 ice beasts
  2 eyes of draining (D:8)
  8 ogres
  9 centaurs
  3 crocodiles
  2 big kobolds (D:9)
  A big kobold (shapeshifter) (D:13)
  Blork the orc (D:4)
  8 bullfrogs
  2 wyvern zombies
  6 scorpions
  5 killer bees (D:11)
  9 wights
  6 howler monkeys
  8 crimson imps
  A bullfrog zombie (D:5)
  7 centaur zombies
  5 jellies
  5 hounds
  6 orc priests
  A gnoll shaman (D:7)
  14 orc wizards
  3 bullfrog skeletons
  Terence (D:2)
  3 iguanas
  11 worker ants
  6 gnolls
  12 adders
  A howler monkey skeleton (D:8)
  2 river rats (D:6)
  6 shadow imps
  6 oozes
  2 adder skeletons
  5 worms
  2 dart slugs
  5 leopard geckos
  65 orcs
  2 ball pythons
  6 giant cockroaches
  6 goblins
  3 hobgoblins
  13 jackals
  4 quokkas
  9 bats
  5 frilled lizards
  A giant cockroach zombie (D:5)
  6 kobolds
  A leopard gecko skeleton (D:6)
  A quokka skeleton (D:5)
  9 rats
393 creatures vanquished.

Vanquished Creatures (others)
  A human (D:14)
  2 centaurs (D:14)
3 creatures vanquished.

Grand Total: 396 creatures vanquished

Notes
Turn   | Place    | Note
-------+----------+-------------------------------------------
     0 | D:1      | misha the Minotaur Fighter began the quest for the Orb.
     0 | D:1      | Reached XP level 1. HP: 19/19 MP: 0/0
   238 | D:1      | Reached XP level 2. HP: 17/27 MP: 1/1
  1039 | D:2      | Noticed Terence
  1055 | D:2      | Reached skill level 3 in Axes
  1067 | D:2      | Killed Terence
  1067 | D:2      | Reached XP level 3. HP: 26/34 MP: 2/2
  1162 | D:2      | Reached skill level 4 in Axes
  1165 | D:2      | Reached XP level 4. HP: 35/41 MP: 3/3
  1667 | D:2      | You fall through a shaft!
  1901 | D:3      | Noticed Sigmund
  1917 | D:3      | Reached XP level 5. HP: 44/47 MP: 4/4
  1930 | D:3      | Killed Sigmund
  1930 | D:3      | Reached skill level 5 in Fighting
  1930 | D:3      | Reached skill level 5 in Axes
  1930 | D:3      | Reached skill level 1 in Throwing
  1930 | D:3      | Reached XP level 6. HP: 34/56 MP: 5/5
  3272 | D:4      | Noticed a +0 dagger
  3273 | D:4      | Noticed a +0 dagger
  3279 | D:4      | Found a hide-covered altar of Uskayaw.
  3664 | D:4      | Found a staircase to the Ecumenical Temple.
  3680 | Temple   | Entered the Ecumenical Temple
  4042 | D:4      | Noticed Blork the orc
  4055 | D:4      | Killed Blork the orc
  4055 | D:4      | Reached skill level 6 in Axes
  4055 | D:4      | Reached skill level 5 in Shields
  4055 | D:4      | Reached XP level 7. HP: 23/64 MP: 6/6
  4376 | D:5      | Entered Level 5 of the Dungeon
  4464 | D:5      | Found an ornate altar of the Wu Jian Council.
  5096 | D:5      | Reached skill level 7 in Axes
  5163 | D:5      | Reached XP level 8. HP: 54/73 MP: 7/7
  5513 | D:5      | Got a fine ring mail
  5518 | D:5      | Identified the +1 ring mail of Atheism {rC++ MR+ Str-4
                  | Dex+2} (You found it on level 5 of the Dungeon)
  5799 | D:6      | Found a blossoming altar of Fedhas.
  6042 | D:6      | Noticed Menkaure
  6049 | D:6      | Killed Menkaure
  6049 | D:6      | Reached skill level 8 in Axes
  6653 | D:6      | Found a runed translucent door.
  6656 | D:6      | Noticed kae's ghost (novice TeFE)
  6683 | D:6      | Reached XP level 9. HP: 81/83 MP: 8/8
  6699 | D:6      | Killed kae's ghost
  6699 | D:6      | Reached skill level 9 in Axes
  6708 | D:6      | Found a runed translucent door.
  7809 | D:7      | Found a shimmering altar of Xom.
  7852 | D:7      | Found a stormy altar of Qazlal.
  8001 | D:7      | Reached skill level 10 in Fighting
  8008 | D:7      | Reached skill level 5 in Throwing
  8245 | D:7      | Found an ancient bone altar of Kikubaaqudgha.
  8278 | D:7      | Reached skill level 10 in Axes
  8372 | D:7      | Found a shadowy altar of Dithmenos.
  9202 | D:8      | Found a flagged portal.
  9367 | Bailey   | Entered a bailey
  9587 | Bailey   | Noticed an orc knight
  9946 | Bailey   | Noticed an orc knight
  9946 | Bailey   | Noticed an orc knight
 10294 | Bailey   | Reached XP level 10. HP: 94/94 MP: 9/9
 10319 | Bailey   | Killed an orc knight
 10622 | Bailey   | Killed an orc knight
 10627 | Bailey   | Killed an orc knight
 10627 | Bailey   | Reached skill level 11 in Axes
 11049 | Bailey   | Identified the Volume of Shifting Sinister Magic
 11055 | Bailey   | Got a pitted plate armour
 11375 | D:8      | Got a dazzling spear
 11389 | D:8      | Identified the cursed +0 plate armour of the Blind Marksman
                  | {MR+ Str+5} (You found it in a bailey)
 11444 | D:8      | Found a burning altar of Makhleb.
 11834 | D:8      | Found a bloodstained altar of Trog.
 11854 | D:8      | Became a worshipper of Trog the Wrathful
 13183 | D:9      | Reached skill level 12 in Axes
 13183 | D:9      | Reached XP level 11. HP: 52/104 MP: 10/10
 13207 | D:9      | Reached * piety under Trog
 13511 | D:9      | Noticed a two-headed ogre
 13519 | D:9      | Noticed Psyche
 13524 | D:9      | Killed a two-headed ogre
 13540 | D:9      | Killed Psyche
 13730 | D:10     | Entered Level 10 of the Dungeon
 14025 | D:10     | Found a staircase to the Lair.
 14053 | D:10     | Reached ** piety under Trog
 14215 | D:10     | Found a staircase to the Orcish Mines.
 14314 | D:10     | Found Coykhef's Antique Armour Emporium.
 14467 | D:10     | Noticed a two-headed ogre
 14476 | D:10     | Killed a two-headed ogre
 15504 | D:11     | Reached skill level 13 in Axes
 15581 | D:11     | Reached *** piety under Trog
 15730 | D:11     | Found Rusyzu's Book Emporium.
 16643 | D:11     | Identified a scroll of acquirement
 17152 | D:12     | Received a gift from Trog
 17169 | D:12     | Reached skill level 10 in Shields
 17787 | D:12     | Reached XP level 12. HP: 115/115 MP: 11/11
 18031 | D:12     | Found a portal to a secret trove of treasure.
 18394 | D:13     | Noticed a two-headed ogre
 18405 | D:13     | Killed a two-headed ogre
 18954 | D:13     | Reached skill level 5 in Armour
 18965 | D:13     | Found Zimulel's Antique Armour Emporium.
 19174 | D:13     | Found Quza's Jewellery Shop.
 19191 | D:13     | Reached skill level 14 in Axes
 19273 | D:13     | Found Ryceawkuq's Weapon Emporium.
 19571 | D:13     | Bought a +0 broad axe for 64 gold pieces
 19598 | D:13     | Bought a pitted large shield for 323 gold pieces
 19600 | D:13     | Bought a pair of glowing gloves for 255 gold pieces
 19621 | D:13     | Identified the -9 large shield of Noughts and Crosses {MR+
                  | Str+2 Stlth+} (You bought it in a shop on level 13 of the
                  | Dungeon)
 19650 | D:14     | Got a scorched battleaxe
 19858 | D:14     | Reached **** piety under Trog
 20252 | D:14     | Noticed a centaur warrior
 20262 | D:14     | Killed a centaur warrior
 20472 | D:14     | Noticed a four-headed hydra
 20525 | D:13     | Bought a +0 hand axe of flaming for 118 gold pieces
 20581 | D:14     | Killed a one-headed hydra
 20615 | D:14     | Found a sacrificial altar of Ru.
 20623 | D:14     | Got a polished ring mail
 20659 | D:14     | Noticed a vault guard
 20659 | D:14     | Noticed a vault guard
 20669 | D:14     | Killed a vault guard
 20680 | D:14     | Noticed a vault guard
 20690 | D:14     | Killed a vault guard
 20690 | D:14     | Reached skill level 15 in Axes
 20706 | D:14     | Killed a vault guard
 20865 | D:14     | Noticed a vault guard
 20879 | D:14     | Killed a vault guard
 21115 | D:14     | Found a gate to the Vaults.
 21195 | D:14     | Reached XP level 13. HP: 125/125 MP: 12/12
 21272 | D:14     | Noticed Jorgrun
 21306 | D:14     | HP: 3/125 [Jorgrun/+0 quarterstaff of crushing (8)]
 21307 | D:14     | HP: 1/125 [Jorgrun/+0 quarterstaff of crushing (1)]
 21309 | D:14     | Slain by Jorgrun

Skill      XL: |  1  2  3  4  5  6  7  8  9 10 11 12 |
---------------+-------------------------------------+-----
Shields        | 4 5 6 7 8 10 11 | 11.4
Fighting       | 4 5 6 7 9 10 12 13 14 | 14.5
Axes           | 3 4 5 6 7 8 10 12 13 15 | 15.2
Throwing       | 1 2 3 4 5 6 7 |  7.6
Armour         | 4 7 |  7.1

Action                   |  1- 3 |  4- 6 |  7- 9 | 10-12 | 13-15 || total
-------------------------+-------+-------+-------+-------+-------++-------
Melee: War axe           |    50 |   179 |   347 |   616 |       ||  1192
       Headbutt          |     4 |    27 |    67 |   188 |     5 ||   291
       Trident           |       |       |       |    13 |       ||    13
       Broad axe         |       |       |       |   140 |    12 ||   152
       Hand axe          |       |       |       |     5 |       ||     5
Throw: Tomahawk          |       |       |     6 |     4 |       ||    10
Invok: Berserk           |       |       |       |     4 |     1 ||     5
Evoke: Wand              |       |       |    18 |    20 |       ||    38
  Use: Scroll            |       |       |     5 |    18 |       ||    23
       Potion            |       |       |     4 |     1 |     2 ||     7
 Stab: Distracted        |       |       |       |     1 |       ||     1
       Confused          |       |       |       |     2 |       ||     2
  Eat: Chunk             |     1 |     5 |    12 |    23 |     1 ||    42
       Ration            |       |     1 |     3 |     7 |       ||    11
Armor: Scale mail        |    34 |    52 |       |       |       ||    86
       Chain mail        |       |    37 |    50 |    76 |     3 ||   166
       Ring mail         |       |       |    83 |     1 |       ||    84
       Plate armour      |       |       |       |   143 |       ||   143
Dodge: Dodged            |    21 |    37 |   109 |   104 |     1 ||   272
Block: Shield            |    26 |   105 |   192 |   343 |     5 ||   671
       Reflection        |       |       |       |    15 |       ||    15
